Map: Deathaura LE

Players

soul

  • Race: Terran Terran
  • League: Grandmaster
  • Spawn Location: 5:00

GOStephano (Stephano) - Winner!

  • Race: Zerg Zerg
  • League: Grandmaster
  • Spawn Location: 11:00

Event: DreamHack SC2 Masters 2020 Winter

VOD

Have the link to the VOD?

Description

Time

  • Played on: Nov. 1, 2020, 1:13 p.m.
  • Length: 18:25

All games in this series

Show
View Real Time Build Order
Export as new Build Order

soul Terran 

Build Orders: Reaper Expand 

Get SALT Encoding   

  12  0:00  SCV  
  13  0:12  SCV  
  14  0:17  Supply Depot  
  14  0:24  SCV  
  15  0:38  SCV  
  15  0:40  Barracks  
  16  0:43  Refinery  
  16  0:51  SCV  
  17  1:03  SCV  
  18  1:15  SCV  
  19  1:28  Reaper, Orbital Command  
  20  1:39  Command Center  
  20  1:50  Supply Depot  
  20  1:54  SCV  
  21  1:59  Marine  
  22  2:06  SCV, Factory  
  23  2:18  SCV  
  25  2:24  Barracks Reactor  
  24  2:30  SCV  
  25  2:41  Command Center  
  25  2:42  SCV  
  26  2:51  Orbital Command  
  26  2:54  SCV  
  31  3:05  Hellion  
  31  3:06  SCV, Hellion  
  31  3:09  Barracks Tech Lab  
  32  3:17  SCV, Barracks  
  32  3:18  SCV  
  36  3:27  Hellion  
  36  3:28  Hellion  
  36  3:29  SCV, Stimpack  
  36  3:32  SCV  
  40  3:37  Marine  
  40  3:41  SCV  
  42  3:44  SCV  
  42  3:46  Refinery  
  43  3:53  SCV, Orbital Command  
  43  3:55  Starport  
  44  3:56  SCV, Marine  
  46  4:03  Factory Reactor  
  46  4:05  SCV, Supply Depot  
  46  4:08  SCV  
  48  4:11  Marine x2  
  48  4:14  Marine  
  51  4:17  SCV  
  51  4:20  SCV x2  
  51  4:23  Refinery  
  54  4:24  Refinery  
  54  4:29  SCV, Marine x2  
  54  4:30  Supply Depot  
  57  4:32  SCV, Marine  
  57  4:33  SCV  
  60  4:41  SCV  
  60  4:44  SCV  
  41  4:45  Medivac x2  
  62  4:46  Marine x2  
  62  4:49  SCV  
  62  4:52  Marine  
  70  4:53  SCV  
  70  4:54  Supply Depot, Engineering Bay  
  70  4:55  Engineering Bay  
  70  4:57  Factory Reactor  
  71  5:00  SCV  
  71  5:03  Orbital Command  
  71  5:04  Marine x2  
  75  5:07  SCV  
  75  5:09  Marine  
  75  5:10  Supply Depot  
  75  5:13  SCV  
  77  5:14  Combat Shield  
  77  5:17  Supply Depot  
  77  5:19  SCV  
  78  5:22  Marine  
  78  5:25  SCV  
  78  5:26  Starport Reactor  
  78  5:27  Marine  
  81  5:29  SCV  
  81  5:30  Barracks  
  81  5:31  SCV  
  81  5:32  Marine  
  84  5:36  Widow Mine  
  84  5:37  SCV  
  84  5:40  Marine  
  84  5:41  SCV, Supply Depot  
  84  5:42  Supply Depot  
  89  5:43  SCV  
  89  5:44  Widow Mine  
  89  5:45  Terran Infantry Weapons Level 1, Terran Infantry Armor Level 1  
  89  5:49  SCV  
  93  5:53  SCV, Marine  
  95  5:57  Marine  
  95  6:02  Marine  
  95  6:03  SCV  
  96  6:04  Medivac  
  96  6:10  SCV  
  95  6:11  SCV  
  95  6:12  Barracks  
  95  6:13  Supply Depot  
  95  6:14  Medivac, Barracks, Supply Depot  
  95  6:15  Marine  
  95  6:17  Marauder, Marine  
  102  6:19  SCV  
  102  6:21  Marine  
  102  6:22  SCV  
  102  6:23  Marine  
  102  6:27  Widow Mine x2  
  106  6:34  Armory, Factory, Marine  
  106  6:39  Medivac  
  109  6:40  SCV  
  109  6:44  SCV  
  111  6:48  Supply Depot, Widow Mine  
  111  6:49  Supply Depot, Widow Mine, Marine  
  111  6:50  SCV  
  111  6:53  Marine x2  
  119  6:58  Marine  
  119  7:00  SCV  
  119  7:05  Barracks Reactor  
  119  7:06  Refinery x2, Marine x2  
  119  7:07  Command Center  
  121  7:08  Concussive Shells  
  121  7:09  Marine, Widow Mine  
  121  7:10  Widow Mine  
  121  7:11  Marine x2  
  121  7:12  SCV  
  121  7:14  Liberator  
  132  7:15  Marine  
  132  7:19  Factory Tech Lab  
  133  7:26  SCV  
  133  7:28  SCV  
  133  7:29  Marine  
  137  7:33  Barracks Reactor, Marine  
  137  7:35  Medivac, Widow Mine  
  137  7:36  Marine x3  
  143  7:44  Marine  
  136  7:45  Widow Mine  
  136  7:46  Marine  
  136  7:47  Marine  
  136  7:49  Terran Infantry Weapons Level 2  
  136  7:50  Drilling Claws  
  136  7:51  Marine  
  136  7:53  SCV x3  
  136  7:54  Marine x3  
  136  7:57  Medivac  
  143  8:01  Marine  
  143  8:04  Marine  
  143  8:05  SCV, Medivac, Marine  
  142  8:08  Widow Mine  
  142  8:09  Marine  
  142  8:10  Widow Mine  
  142  8:11  Barracks  
  142  8:12  Barracks x2  
  149  8:15  Supply Depot  
  149  8:16  Supply Depot x2  
  149  8:19  Marine  
  150  8:20  Terran Infantry Armor Level 2  
  150  8:24  Marine  
  150  8:26  Widow Mine  
  147  8:27  Medivac  
  147  8:28  Marine  
  147  8:31  Marine  
  147  8:32  Marine  
  147  8:33  Marine  
  145  8:34  Marine, Widow Mine  
  145  8:36  Marine x2  
  139  8:43  Marine  
  139  8:44  SCV  
  139  8:46  Fusion Core  
  139  8:48  SCV x2  
  123  8:56  SCV  
  123  8:58  Supply Depot  
  123  8:59  Widow Mine  
  123  9:00  SCV, Starport  
  123  9:01  Starport, Widow Mine  
  129  9:06  SCV  
  129  9:08  Refinery  
  129  9:09  Refinery  
  130  9:12  Liberator  
  130  9:16  Terran Vehicle And Ship Armor Level 1  
  135  9:17  Widow Mine  
  135  9:21  Marine x4  
  139  9:26  Planetary Fortress  
  139  9:28  Widow Mine  
  139  9:31  Widow Mine  
  143  9:36  Advanced Ballistics  
  143  9:40  Widow Mine  
  143  9:41  Marine  
  143  9:45  Marine  
  137  9:47  Starport Reactor x2  
  137  9:48  Marine x5  
  137  9:49  Widow Mine  
  137  9:51  Marine  
  137  9:52  Sensor Tower  
  143  9:53  Marine  
  143  9:58  Widow Mine  
  143  9:59  Marine  
  147  10:02  Marine  
  147  10:05  Widow Mine  
  147  10:06  Marine x4  
  153  10:09  Command Center  
  153  10:11  Marine x3  
  147  10:15  Liberator x2  
  147  10:17  Marine  
  147  10:20  Marine  
  155  10:23  Marine  
  155  10:25  Liberator  
  155  10:26  Liberator x2  
  155  10:27  Barracks Tech Lab x2  
  155  10:28  Barracks Tech Lab  
  163  10:37  Terran Infantry Weapons Level 3  
  163  10:44  Command Center, Marine x4  
  163  10:47  Widow Mine x2  
  171  10:56  Liberator  
  173  10:57  Marine x3  
  173  10:58  Liberator  
  173  11:03  Marine  
  173  11:05  Marine x5, Liberator  
  173  11:09  Liberator  
  175  11:16  Terran Vehicle And Ship Armor Level 2  
  175  11:18  Marine  
  176  11:19  Marine  
  176  11:21  Marine x5  
  176  11:23  Marine x2  
  184  11:26  Marine  
  184  11:27  Marine  
  184  11:32  Liberator  
  188  11:37  Marine  
  188  11:39  Liberator  
  183  11:40  Liberator  
  184  11:47  Liberator  
  184  11:49  Ghost Academy  
  184  11:50  Ghost Academy  
  187  11:55  Command Center  
  186  12:06  Liberator  
  184  12:10  Liberator  
  184  12:12  Refinery, Marine  
  184  12:14  Refinery  
  188  12:17  Marine x7  
  188  12:18  Marine  
  188  12:21  Liberator  
  188  12:22  Liberator  
  190  12:23  Marine x3  
  174  12:30  Marine  
  174  12:33  Orbital Command  
  174  12:34  Marine  
  174  12:35  Marine x3  
  174  12:36  Liberator  
  164  12:38  Marine  
  164  12:41  Marine  
  154  12:46  SCV  
  154  12:48  SCV  
  155  12:53  Planetary Fortress  
  153  12:58  SCV  
  153  13:00  SCV  
  153  13:04  SCV  
  153  13:05  Liberator x2  
  160  13:07  Marine  
  160  13:08  Marine  
  157  13:36  SCV, Medivac, Marine x2  
  157  13:37  SCV x2, Medivac  
  157  13:38  Liberator  
  157  13:39  Marine  
  154  13:48  Missile Turret  
  154  13:55  SCV  
  154  13:56  Widow Mine  
  154  13:59  Orbital Command, Marine x2  
  154  14:05  Supply Depot  
  154  14:06  SCV, Supply Depot  
  154  14:07  Supply Depot  
  154  14:21  SCV, Medivac  
  154  14:22  Medivac, Widow Mine  
  151  14:26  Marine, Liberator  
  151  14:27  Marine x2  
  132  14:34  Marine x4, Liberator  
  132  14:36  Marine  
  133  14:45  Liberator  
  109  14:47  SCV x4  
  109  14:50  Marine  
  109  14:51  Liberator  
  94  14:59  SCV x3  
  101  15:01  SCV  
  101  15:04  Siege Tank  
  101  15:06  Marine x4  
  105  15:11  SCV  
  106  15:14  Marine  
  106  15:15  Marine x6  
  106  15:16  Marine  
  106  15:17  Marine  
  106  15:20  SCV x2  
  117  15:25  SCV  
  117  15:27  Siege Tank  
  121  15:31  Marine  
  121  15:32  Marine x3  
  125  15:36  Ghost  
  125  15:37  SCV  
  125  15:41  Widow Mine  
  130  15:55  Supply Depot  
  130  15:59  Widow Mine  
  130  16:03  Siege Tank  
  120  16:05  Liberator  
  120  16:06  Marine x4  
  120  16:08  Marine x9  
  116  16:20  Siege Tank  
  116  16:24  Marine x4  
  123  16:26  Marine x8  
  123  16:30  SCV, Liberator  
  123  16:32  Marine  
  129  16:34  Refinery  
  129  16:39  SCV  
  130  16:41  SCV x2  
  130  16:42  Marine x3  
  130  16:47  Marine  
  135  16:48  Marine x3  
  139  17:06  Liberator x2  
  143  17:12  Liberator  
  143  17:16  Ghost  
  143  17:18  SCV x2  
  143  17:19  SCV x2  
  130  17:30  SCV x2  
  130  17:31  SCV  
  130  17:32  SCV  
  132  17:39  Siege Tank  
  132  17:40  Siege Tank  
  132  17:41  Marauder x2, Marine  
  132  17:42  SCV x2  
  133  17:44  SCV  
  133  17:45  Marine  
  133  17:46  Marauder  
  133  17:49  Marine  
  133  17:51  Marine  
  121  17:53  Marine  
  121  17:56  Marine  
  115  17:59  Marine  
  115  18:01  SCV  
  115  18:02  SCV, Marauder  
  115  18:03  Marauder  
  115  18:05  SCV  
Show
View Real Time Build Order
Export as new Build Order

GOStephano Zerg - Winner!

Build Orders: Hatch First, Lurkers 

Get SALT Encoding   

  12  0:00  Drone  
  13  0:12  Overlord  
  13  0:17  Drone  
  14  0:30  Drone x2  
  16  0:47  Hatchery  
  15  0:51  Drone  
  15  0:55  Drone  
  17  0:57  Drone  
  18  1:09  Extractor  
  17  1:13  Spawning Pool  
  17  1:16  Drone  
  17  1:19  Drone  
  18  1:27  Drone  
  19  1:38  Drone  
  20  1:49  Drone  
  21  2:00  Queen x2  
  21  2:01  Zergling x4  
  27  2:09  Drone  
  27  2:10  Overlord  
  28  2:20  Hatchery  
  28  2:22  Drone  
  28  2:31  Drone x2  
  28  2:33  Drone  
  31  2:38  Queen  
  33  2:45  Metabolic Boost  
  33  2:47  Overlord  
  33  2:50  Drone  
  35  2:58  Drone x2  
  36  3:05  Drone  
  36  3:07  Drone x2  
  36  3:08  Drone x2  
  41  3:14  Drone  
  41  3:15  Queen  
  44  3:22  Overlord  
  44  3:31  Queen  
  44  3:32  Queen  
  44  3:33  Drone  
  44  3:34  Overlord  
  50  3:41  Zergling x4  
  50  3:42  Drone  
  50  3:45  Drone x3  
  50  3:48  Drone x2  
  56  3:52  Drone  
  56  3:53  Drone  
  59  3:57  Drone x2  
  59  4:02  Overlord  
  61  4:10  Zergling x4  
  61  4:12  Drone  
  61  4:15  Drone x2  
  66  4:19  Overlord  
  66  4:21  Evolution Chamber  
  66  4:22  Evolution Chamber, Drone  
  66  4:23  Spore Crawler, Drone  
  66  4:24  Spore Crawler  
  64  4:25  Drone  
  64  4:26  Drone  
  66  4:31  Drone x4  
  66  4:35  Drone  
  71  4:41  Drone x2  
  71  4:42  Spore Crawler  
  72  4:47  Drone  
  72  4:48  Zerg Melee Weapons Level 1, Zerg Ground Armor Level 1  
  72  4:51  Drone x3  
  76  4:54  Extractor x2  
  76  4:59  Drone x3  
  78  5:00  Drone  
  78  5:04  Extractor  
  78  5:05  Hatchery  
  76  5:09  Drone  
  76  5:10  Drone  
  76  5:11  Drone x3  
  76  5:14  Extractor  
  80  5:17  Drone  
  81  5:22  Zergling x2  
  81  5:23  Lair, Overlord  
  81  5:28  Overlord  
  82  5:31  Overlord  
  82  5:39  Baneling Nest  
  81  5:44  Zergling x8  
  81  5:45  Zergling x2, Hatchery  
  81  5:46  Zergling x2  
  81  5:47  Zergling x10  
  91  5:54  Zergling x4  
  89  6:05  Hatchery  
  89  6:06  Zergling x16  
  89  6:08  Queen  
  94  6:16  Queen  
  95  6:19  Zergling x6, Overlord  
  95  6:25  Overlord  
  95  6:29  Centrifical Hooks  
  95  6:31  Baneling x6  
  95  6:32  Baneling  
  95  6:40  Overseer  
  95  6:43  Baneling x2  
  95  6:44  Zerg Ground Armor Level 2, Zerg Melee Weapons Level 2, Baneling x2  
  95  6:45  Zergling x14  
  99  7:03  Zergling x2  
  99  7:04  Zergling x8  
  104  7:09  Hydralisk Den, Drone x2  
  104  7:10  Drone x2  
  104  7:11  Infestation Pit, Extractor  
  104  7:13  Drone x3  
  108  7:17  Overseer  
  108  7:18  Overlord x2  
  108  7:25  Zergling x8  
  108  7:26  Zergling x2  
  112  7:36  Zergling x2  
  112  7:37  Zergling x12  
  114  7:39  Spore Crawler  
  114  7:43  Zergling x12  
  111  7:54  Zergling x2  
  111  7:55  Zergling x8  
  114  8:03  Hydralisk  
  114  8:04  Hydralisk x4  
  114  8:05  Hive  
  110  8:07  Lurker Den  
  109  8:13  Drone x5, Baneling x11  
  103  8:27  Zergling x10  
  103  8:28  Hatchery  
  102  8:34  Hydralisk  
  102  8:35  Hydralisk x4  
  108  8:44  Zergling x24  
  118  8:48  Drone x4  
  122  8:57  Baneling  
  122  8:58  Baneling x8  
  122  9:05  Hydralisk x2  
  122  9:06  Drone x6  
  132  9:13  Muscular Augments  
  132  9:15  Lurker x2  
  132  9:16  Lurker  
  135  9:17  Drone x5  
  135  9:18  Extractor x2  
  138  9:28  Seismic Spines  
  138  9:37  Drone x2  
  140  9:39  Spore Crawler, Drone x3  
  141  9:48  Drone x2  
  141  9:51  Zerg Ground Armor Level 3  
  143  9:54  Zerg Melee Weapons Level 3  
  143  9:56  Zergling x10  
  147  10:04  Overlord  
  147  10:05  Overlord  
  143  10:08  Overlord  
  143  10:11  Queen  
  137  10:15  Drone x3  
  137  10:16  Overlord  
  137  10:17  Overlord x3  
  140  10:21  Pneumatized Carapace  
  140  10:25  Grooved Spines  
  140  10:26  Spore Crawler  
  138  10:29  Spore Crawler  
  138  10:34  Drone x2  
  139  10:37  Queen x2  
  139  10:40  Drone x4  
  147  10:44  Lurker x2  
  147  10:45  Hydralisk x4, Lurker x4  
  161  10:53  Zergling x30  
  158  11:06  Zergling x12  
  158  11:09  Adaptive Talons  
  163  11:16  Lurker x3  
  163  11:17  Zergling x14  
  173  11:29  Overseer  
  173  11:37  Hatchery  
  162  11:40  Hydralisk x9  
  179  11:55  Hatchery  
  175  12:02  Hydralisk x2  
  175  12:03  Hydralisk x2  
  175  12:06  Zergling x4  
  175  12:07  Zergling x4, Overlord  
  181  12:10  Overlord  
  181  12:13  Overlord  
  178  12:21  Overlord  
  179  12:22  Zergling x2  
  179  12:23  Zergling x4  
  179  12:28  Hydralisk x8  
  191  12:35  Hydralisk  
  176  12:44  Drone x3  
  166  12:59  Viper  
  166  13:00  Viper x4  
  166  13:02  Overseer  
  166  13:03  Overseer  
  181  13:06  Hatchery  
  177  13:17  Zergling x2  
  177  13:18  Zergling x18  
  186  13:25  Hydralisk x3  
  186  13:27  Zergling x6  
  188  13:47  Hydralisk  
  188  13:48  Hydralisk x4  
  193  13:58  Zergling x2  
  193  13:59  Zergling x12  
  200  14:03  Zerg Missile Weapons Level 1  
  180  14:35  Hydralisk x8  
  178  14:41  Lair  
  166  14:54  Extractor  
  166  14:55  Extractor  
  164  15:01  Lurker x2  
  164  15:03  Drone  
  164  15:04  Hatchery, Drone  
  167  15:07  Hatchery  
  167  15:11  Drone  
  167  15:12  Drone x3  
  165  15:23  Drone x3  
  168  15:38  Drone x4  
  168  15:41  Drone x5  
  168  15:42  Drone x5  
  179  15:46  Hive  
  179  15:49  Lurker  
  156  16:12  Hydralisk x7  
  166  16:35  Lurker x3  
  169  16:46  Hydralisk x10  
  184  17:14  Hydralisk x2  
  188  17:16  Overlord  
  188  17:19  Overlord x2, Unknown  
  188  17:20  Unknown  
  186  17:28  Extractor  
  186  17:29  Extractor  
  178  17:49  Hydralisk  
  178  17:50  Hydralisk x11  
  183  17:52  Spore Crawler  
  183  17:58  Zergling x32  
Tags
 
Add a new tag
Caveats
  • Supply blocks, unpowered buildings, or Contaminate may cause inaccurate times.
  • Supply counts are checked every 10 seconds.